[Event "Titled Tuesday Blitz November 22 Early 2022"]
[White "Kravtsiv, Martyn"]
[Black "Skliarov, Viktor"]
[WhiteFideId "14113147"]
[BlackFideId "14106736"]
[WhiteElo "2694"]
[BlackElo "2284"]
[Result "1-0"]
[Round "08"]
[TimeControl "180+1"]
[Date "2022.11.22"]
[WhiteClock "0:00:34"]
[BlackClock "0:00:02"]

1. e4 c5 2. Nf3 Nc6 3. d4 cxd4 4. Nxd4 Nf6 5. Nc3 e5 6. Ndb5 d6 7. Bg5 a6 8. Na3 b5 9. Nd5 Be7 10. Bxf6 Bxf6 11. c4 b4 12. Nc2 a5 13. g3 Bg5 14. Bg2 O-O 15. O-O Be6 16. Qd3 Bxd5 17. exd5 Nb8 18. c5 Na6 19. c6 Nc5 20. Qc4 Qb6 21. Kh1 f5 22. f4 Bf6 23. Ne3 g6 24. Qc2 e4 25. Nc4 Qc7 26. Rac1 a4 27. Nxd6 Nd3 28. Nb7 Rab8 29. Nc5 Nxc5 30. Qxc5 Be7 31. Qc4 Bd6 32. Rfd1 Rb6 33. Bf1 a3 34. b3 Kg7 35. Qd4+ Kg8 36. Rc5 Rbb8 37. Rdc1 Rf7 38. Be2 h6 39. R5c4 Kh7 40. Rf1 Rg7 41. Qd2 Rf7 42. Qe3 Rg7 43. Rfc1 Rf7 44. Qf2 g5 45. Bh5 Rff8 46. fxg5 hxg5 47. Be2 Rf6 48. Rxe4 Bxg3 49. Qxg3 Qxg3 50. hxg3 fxe4 51. c7 Rc8 52. Bg4 Rxc7 53. Rxc7+ Kh6 54. Rc6 1-0


[Site "https://www.chess.com"]

[Event "Titled Tuesday Blitz November 22 Early 2022"]
[White "Kriti Mayur Patel"]
[Black "monkins"]
[WhiteFideId "35061780"]
[WhiteElo "1306"]
[BlackElo "2134"]
[Result "0-1"]
[Round "08"]
[TimeControl "180+1"]
[Date "2022.11.23"]
[WhiteClock "0:00:18"]
[BlackClock "0:00:19"]

1. e4 c6 2. d4 d5 3. exd5 cxd5 4. Bd3 Nc6 5. c3 Nf6 6. Bf4 Bg4 7. f3 Bh5 8. Ne2 e6 9. O-O Bd6 10. Bg3 O-O 11. Nd2 Bg6 12. Bb5 a6 13. Ba4 b5 14. Bc2 b4 15. Nf4 Bxf4 16. Bxf4 bxc3 17. bxc3 Na5 18. Rb1 Rc8 19. Bxg6 hxg6 20. Qc2 Nc4 21. Nxc4 Rxc4 22. Rfc1 Qa5 23. Bd6 Rfc8 24. Bb4 Qc7 25. Qd3 Nd7 26. Rb3 a5 27. Ba3 a4 28. Rb5 Rxc3 29. Rxc3 Qxc3 30. Qxc3 Rxc3 31. Bc5 Rc1+ 32. Kf2 Rc2+ 33. Kg3 Rxa2 34. Rb7 Nxc5 35. dxc5 Rc2 36. Rb8+ Kh7 37. Ra8 Rxc5 38. Rxa4 g5 39. Ra7 Kg6 40. Rd7 Rc6 41. h4 gxh4+ 42. Kxh4 f6 43. Kg3 Rc5 44. Kh4 e5 45. g4 d4 46. Kg3 Rc3 47. Kf2 Re3 48. f4 Re4 49. f5+ Kh6 50. Kf3 Re3+ 51. Kf2 Rb3 52. Ke2 Kg5 53. Rxg7+ Kf4 54. Rg6 e4 55. g5 Rb2+ 56. Ke1 Kxf5 57. Rxf6+ Kxg5 58. Re6 Kf4 59. Rd6 Ke3 60. Re6 Rb1# 0-1


[Site "https://www.chess.com"]

[Event "Titled Tuesday Blitz November 22 Early 2022"]
[White "Krzywda, Andrzej"]
[Black "Yuan, Qingyu"]
[WhiteFideId "1114565"]
[BlackFideId "8609772"]
[WhiteElo "2149"]
[BlackElo "2359"]
[Result "0-1"]
[Round "08"]
[TimeControl "180+1"]
[Date "2022.11.23"]
[WhiteClock "0:00:02"]
[BlackClock "0:00:11"]

1. e4 e5 2. Nf3 Nc6 3. Bb5 Nf6 4. d3 Bc5 5. c3 O-O 6. O-O d5 7. Bg5 dxe4 8. Bxc6 bxc6 9. Nxe5 h6 10. Nxc6 Qd6 11. Bxf6 Qxf6 12. d4 Bd6 13. Ne5 Rb8 14. Nd2 Bxe5 15. dxe5 Qxe5 16. Nb3 Be6 17. Re1 Rfd8 18. Qc2 f5 19. Nd4 Bd5 20. b3 c5 21. Ne2 f4 22. c4 Bc6 23. Nc3 Rd4 24. f3 e3 25. Qg6 Rd6 26. Qg4 Bd7 27. Qh4 g5 28. Qh5 Be8 29. Qg4 Bd7 30. Qh5 Qxc3 31. Rad1 Kg7 32. h4 e2 33. Rc1 Qd4+ 34. Kh2 Rg6 35. Rxe2 Re8 36. Rce1 Re3 37. Rxe3 fxe3 38. Kh1 Qd2 39. Rg1 e2 0-1


[Site "https://www.chess.com"]

[Event "Titled Tuesday Blitz November 22 Early 2022"]
[White "Kuchava, Ana"]
[Black "Gedgafov, Chamal"]
[WhiteFideId "13605348"]
[BlackFideId "34130621"]
[WhiteElo "2001"]
[BlackElo "2067"]
[Result "0-1"]
[Round "08"]
[TimeControl "180+1"]
[Date "2022.11.23"]
[WhiteClock "0:00:04"]
[BlackClock "0:00:58"]

1. d4 d5 2. Nf3 Nf6 3. c4 c6 4. Qb3 dxc4 5. Qxc4 Qd5 6. Qxd5 cxd5 7. Bf4 Nc6 8. e3 Nb4 9. Na3 a6 10. Be2 Bf5 11. O-O Bd3 12. Rfe1 Bxe2 13. Rxe2 Rc8 14. Ne1 e6 15. Nac2 Nxc2 16. Rxc2 Rxc2 17. Nxc2 Kd7 18. Ne1 Bb4 19. Nd3 Bd6 20. Bxd6 Kxd6 21. Rc1 Ne4 22. f3 Nf6 23. Ne5 Rf8 24. Kf2 Nd7 25. Nd3 Rb8 26. Ke2 Rh8 27. e4 f6 28. Ke3 g5 29. g3 h5 30. f4 gxf4+ 31. Nxf4 dxe4 32. Kxe4 h4 33. Ng6 Rh5 34. Nxh4 Ra5 35. a3 Rb5 36. b4 a5 37. bxa5 Rxa5 38. Rc3 Nb6 39. Rb3 Nd5 40. Nf3 b5 41. h4 Ra8 42. Rxb5 Rxa3 43. Rxd5+ exd5+ 44. Kf4 Ke6 45. g4 Ra1 46. g5 fxg5+ 47. Nxg5+ Kf6 48. Nf3 Ra2 49. Kg4 Re2 50. Kf4 Re4+ 51. Kg3 Kf5 52. h5 Re2 53. Ne5 Kg5 54. Ng6 Re4 55. Nf8 Kxh5 56. Nd7 Rxd4 57. Nf6+ Kg5 58. Nd7 Rd3+ 59. Kf2 Kf4 60. Ke2 Rc3 61. Kd2 Rc6 62. Nb8 Rd6 63. Kd3 Ke5 0-1


[Site "https://www.chess.com"]

[Event "Titled Tuesday Blitz November 22 Early 2022"]
[White "Le, Tuan Minh"]
[Black "Donchenko, Alexander"]
[WhiteFideId "12401153"]
[BlackFideId "24603295"]
[WhiteElo "2530"]
[BlackElo "2572"]
[Result "1-0"]
[Round "08"]
[TimeControl "180+1"]
[Date "2022.11.22"]
[WhiteClock "0:01:18"]
[BlackClock "0:01:23"]

1. d4 d5 2. Nf3 Nf6 3. Bf4 e6 4. e3 Bd6 5. Bg3 b6 6. c4 O-O 7. Nc3 Bb7 8. Rc1 Nbd7 9. cxd5 Nxd5 10. Bd3 Qe7 11. Bh4 Qe8 12. O-O Nxc3 13. bxc3 h6 14. e4 e5 15. Re1 Qe6 16. Qa4 a6 17. Bc4 Qe8 18. Qb3 b5 19. Bf1 Nb6 20. dxe5 Bxe5 21. Nxe5 Qxe5 22. Bg3 Qe7 23. c4 Rfc8 24. c5 1-0


[Site "https://www.chess.com"]

[Event "Titled Tuesday Blitz November 22 Early 2022"]
[White "Li, Hui"]
[Black "Winkels, Marcel"]
[WhiteFideId "15400310"]
[BlackFideId "1003887"]
[WhiteElo "1954"]
[BlackElo "1900"]
[Result "1-0"]
[Round "08"]
[TimeControl "180+1"]
[Date "2022.11.23"]
[WhiteClock "0:01:15"]
[BlackClock "0:00:29"]

1. e4 c5 2. Nf3 e6 3. d4 cxd4 4. Nxd4 a6 5. c4 Nf6 6. Nc3 Bb4 7. Bd3 d6 8. Qa4+ Nc6 9. Nxc6 bxc6 10. Qxb4 O-O 11. O-O c5 12. Qa3 Qc7 13. Bg5 Ng4 14. Bh4 Ne5 15. Be2 Rb8 16. Bg3 Ng6 17. b3 f5 18. exf5 exf5 19. Nd5 Qd8 20. Qc1 Bb7 21. Qd2 Kh8 22. Rad1 Bxd5 23. Qxd5 f4 24. Qxd6 fxg3 25. hxg3 Qxd6 26. Rxd6 a5 27. Ra6 Ra8 28. Rxa8 Rxa8 29. Bf3 Ra7 30. Rd1 Kg8 31. Rd8+ Kf7 32. Ra8 Rxa8 33. Bxa8 Ke6 34. Bd5+ Ke5 35. Kf1 Ne7 36. Ke2 Nxd5 37. cxd5 Kxd5 38. Kd3 g5 39. g4 Kc6 40. Kc4 Kb6 41. a3 Kc6 42. g3 Kb6 43. f4 gxf4 44. gxf4 Kc6 45. f5 Kd6 46. Kb5 a4 47. Kxa4 Ke5 48. Kb5 h5 49. gxh5 Kxf5 50. Kxc5 Kg5 51. a4 Kxh5 52. a5 Kg5 53. a6 Kf5 54. a7 Ke5 55. a8=Q Kf4 56. Qd5 Ke3 57. b4 Ke2 58. b5 Ke3 59. b6 Kf2 60. b7 Ke3 61. b8=Q Ke2 62. Qbe5+ Kf2 63. Qdd4+ Kg2 64. Qe2+ Kh3 65. Qdg4# 1-0


[Site "https://www.chess.com"]

[Event "Titled Tuesday Blitz November 22 Early 2022"]
[White "Makhmudov, Shukhrat"]
[Black "Gjestemoen-VonHirsch, Andre"]
[WhiteFideId "14200775"]
[BlackFideId "1539531"]
[WhiteElo "2135"]
[BlackElo "2198"]
[Result "0-1"]
[Round "08"]
[TimeControl "180+1"]
[Date "2022.11.23"]
[WhiteClock "0:00:02"]
[BlackClock "0:00:03"]

1. e4 g6 2. d4 Bg7 3. Nc3 c5 4. dxc5 Bxc3+ 5. bxc3 Qa5 6. Ne2 Nf6 7. e5 Ne4 8. Qd4 Nxc5 9. e6 f6 10. exd7+ Bxd7 11. Qb4 Qc7 12. Bf4 e5 13. Be3 Nba6 14. Qa3 Bf5 15. Ng3 Bxc2 16. Bb5+ Kf7 17. O-O Bd3 18. Bxd3 Nxd3 19. Rfd1 Ndc5 20. Bxc5 Nxc5 21. Rd5 b6 22. Rad1 Rhd8 23. c4 Ke6 24. h4 Rd7 25. h5 Rad8 26. hxg6 hxg6 27. Qf3 f5 28. Nxf5 gxf5 29. Qh5 Rf8 30. Qh6+ Rf6 31. Qh8 Rff7 32. Qh6+ Ke7 33. Qg5+ Ke8 34. Qg8+ Ke7 35. Qg5+ Kf8 36. Qh6+ Ke8 37. Qh8+ Ke7 38. Rxe5+ Qxe5 39. Qxe5+ Kd8 0-1


[Site "https://www.chess.com"]

[Event "Titled Tuesday Blitz November 22 Early 2022"]
[White "Manon-og, Ramon Jr."]
[Black "Gonzalez, Francisco Silva"]
[WhiteFideId "5200776"]
[BlackFideId "1512285"]
[WhiteElo "2316"]
[BlackElo "2159"]
[Result "0-1"]
[Round "08"]
[TimeControl "180+1"]
[Date "2022.11.23"]
[WhiteClock "0:00:01"]
[BlackClock "0:00:55"]

1. e4 e5 2. Nf3 Nc6 3. Bc4 Bc5 4. c3 Nf6 5. d4 exd4 6. e5 d5 7. Bb5 Ne4 8. cxd4 Bb6 9. Nc3 O-O 10. Be3 f5 11. Nxe4 fxe4 12. Bxc6 exf3 13. Bb5 fxg2 14. Rg1 c6 15. Bd3 Qh4 16. Qc2 Qxh2 17. O-O-O Rf3 18. Be2 Bg4 19. Bxf3 Bxf3 20. Rde1 Rf8 21. b4 Be4 22. Qe2 Qh3 23. f4 Qg3 24. a4 Rxf4 25. a5 Bd8 26. Bxf4 Qxf4+ 27. Kb2 Bh4 28. Qe3 Qf2+ 29. Qxf2 Bxf2 30. Kc3 Bxe1+ 31. Rxe1 g5 32. Kd2 h5 33. Ke3 h4 34. Kf2 g4 35. Kg1 g3 36. Re3 Kf7 37. Rc3 Ke6 38. Ra3 Kf5 39. Rc3 Kf4 40. e6 Bg6 41. Kxg2 Ke4 42. e7 Kxd4 43. Rc1 Be8 44. Kh3 Kd3 45. Kxh4 g2 46. Kg3 d4 47. Kxg2 Kd2 48. Rf1 Kc3 49. Kf2 Kxb4 50. a6 bxa6 51. Kf3 c5 52. Ke4 Kc4 53. Rc1+ Kb4 54. Kd5 Bf7+ 55. Kd6 c4 56. Ke5 d3 57. Kd4 d2 0-1


[Site "https://www.chess.com"]

[Event "Titled Tuesday Blitz November 22 Early 2022"]
[White "Matinian, Nikita"]
[Black "Tang, Andrew"]
[WhiteFideId "24129100"]
[BlackFideId "2059630"]
[WhiteElo "2422"]
[BlackElo "2581"]
[Result "0-1"]
[Round "08"]
[TimeControl "180+1"]
[Date "2022.11.22"]
[WhiteClock "0:00:04"]
[BlackClock "0:01:13"]

1. e4 e5 2. Nf3 Nc6 3. Bb5 g6 4. c3 a6 5. Ba4 Bg7 6. d4 exd4 7. cxd4 b5 8. Bb3 Na5 9. Bg5 Ne7 10. Qd2 h6 11. Bf4 Nxb3 12. axb3 d6 13. h4 Bg4 14. Nc3 Nc6 15. d5 Bxf3 16. gxf3 Nd4 17. Qd1 Qf6 18. Be3 Nxf3+ 19. Kf1 O-O 20. h5 g5 21. Rh3 g4 22. Rg3 Qh4 23. Ke2 Qxh5 24. Qh1 Qg6 25. Rxf3 gxf3+ 26. Qxf3 f5 27. exf5 Rxf5 28. Qh3 Re8 29. Rxa6 b4 30. Nb5 Rxd5 31. Kf1 Rd1+ 0-1


[Site "https://www.chess.com"]

[Event "Titled Tuesday Blitz November 22 Early 2022"]
[White "Mihailidis, Anastasios"]
[Black "Odinaev, Timur"]
[WhiteFideId "4205588"]
[BlackFideId "4163770"]
[WhiteElo "2312"]
[BlackElo "2306"]
[Result "0-1"]
[Round "08"]
[TimeControl "180+1"]
[Date "2022.11.23"]
[WhiteClock "0:00:13"]
[BlackClock "0:00:37"]

1. e4 c5 2. Nf3 d6 3. d4 cxd4 4. Nxd4 Nf6 5. f3 Nc6 6. c4 g6 7. Be3 Bg7 8. Nc3 O-O 9. Be2 Bd7 10. O-O a5 11. Qd2 Nxd4 12. Bxd4 Bc6 13. Rac1 a4 14. Rc2 Nd7 15. Rfc1 Bxd4+ 16. Qxd4 Qb6 17. Qxb6 Nxb6 18. Nd5 Bxd5 19. cxd5 Rfc8 20. Rxc8+ Rxc8 21. Rxc8+ Nxc8 22. Bb5 Nb6 23. Kf2 Kg7 24. Ke3 Kf6 25. Kd4 Kg5 26. g3 h5 27. h3 e5+ 28. dxe6 fxe6 29. f4+ Kf6 30. g4 hxg4 31. hxg4 g5 32. e5+ dxe5+ 33. fxe5+ Ke7 34. Kc5 Nd5 35. Bxa4 Ne3 36. Kb6 Nxg4 37. Kxb7 Nxe5 38. Bb5 Kd6 39. a4 Kc5 40. Be2 Kb4 41. Bd1 g4 42. Be2 g3 43. Bf1 Kxa4 44. Kc7 Nf7 45. Kc6 Kb3 46. Kc5 Kxb2 47. Kd4 Ng5 48. Ke3 e5 49. Bg2 Kc1 50. Ke2 Kc2 51. Bb7 Kc3 52. Kf1 Ne6 53. Kg2 Nc5 54. Bc6 Ne6 55. Kxg3 Kd4 56. Bh1 Nf4 57. Kf3 Nd3 58. Ke2 Nc5 59. Bg2 Ne4 60. Bf3 Nc3+ 61. Kf2 Kd3 62. Bg2 Nb5 63. Bf1+ Kd2 64. Bxb5 e4 65. Bc6 e3+ 66. Kg3 e2 0-1


[Site "https://www.chess.com"]

[Event "Titled Tuesday Blitz November 22 Early 2022"]
[White "Miszler, Levente"]
[Black "Kim, Sergey"]
[WhiteFideId "763276"]
[BlackFideId "13700570"]
[WhiteElo "2176"]
[BlackElo "2619"]
[Result "1-0"]
[Round "08"]
[TimeControl "180+1"]
[Date "2022.11.23"]
[WhiteClock "0:00:07"]
[BlackClock "0:00:02"]

1. Nf3 Nf6 2. c4 g6 3. g3 Bg7 4. Bg2 d6 5. O-O O-O 6. Nc3 e5 7. d3 c6 8. Rb1 Re8 9. e4 a5 10. a3 Nbd7 11. b4 axb4 12. axb4 Nf8 13. b5 Ne6 14. Bb2 h6 15. Ra1 Bd7 16. Rxa8 Qxa8 17. Qc2 Nc5 18. Ra1 Qc8 19. bxc6 bxc6 20. Ba3 Qa8 21. Bb2 Qc8 22. Ba3 Qa8 23. Bb2 Qb8 24. Ba3 Ne6 25. Rb1 Qc7 26. Qb2 Ra8 27. Ne2 c5 28. Nc3 Nd4 29. Nxd4 exd4 30. Nd5 Nxd5 31. exd5 Bf5 32. Qb3 Qa5 33. Bb2 Qd2 34. Bf1 Re8 35. Bc1 Qa5 36. Bf4 Bf8 37. Kg2 g5 38. Bc1 Re1 39. Qc2 Qd8 40. Bd2 Rxb1 41. Qxb1 Qd7 42. Kg1 Qe7 43. Qd1 Bg7 44. Qf3 Qf6 45. Ba5 Kh7 46. Bc7 Kg6 47. g4 Bd7 48. Qxf6+ Bxf6 49. Bxd6 Bxg4 50. Bxc5 Bf5 51. Bb6 Be5 52. c5 Kf6 53. Bg2 Ke7 54. d6+ Kd7 55. Bc7 Bxd3 56. c6+ Kc8 57. Bd5 Bg6 58. Bc4 d3 59. Ba6# 1-0


[Site "https://www.chess.com"]

[Event "Titled Tuesday Blitz November 22 Early 2022"]
[White "Mrudul Dehankar"]
[Black "Akbas, Umut Ata"]
[WhiteFideId "25096990"]
[BlackFideId "44572646"]
[WhiteElo "2068"]
[BlackElo "2192"]
[Result "1/2-1/2"]
[Round "08"]
[TimeControl "180+1"]
[Date "2022.11.22"]
[WhiteClock "0:00:01"]
[BlackClock "0:00:29"]

1. e4 e5 2. Nf3 Nc6 3. Bb5 Nf6 4. O-O Nxe4 5. d4 Nd6 6. Bxc6 dxc6 7. dxe5 Nf5 8. Qxd8+ Kxd8 9. Nc3 Be7 10. Ne4 h6 11. Rd1+ Ke8 12. c4 b6 13. b3 Be6 14. Bb2 Rd8 15. g4 Nh4 16. Nxh4 Bxh4 17. f3 Be7 18. Kg2 h5 19. h3 c5 20. Ng3 g6 21. Ne4 Kf8 22. Rxd8+ Bxd8 23. Rd1 Kg7 24. f4 hxg4 25. hxg4 Be7 26. Kg3 Bh4+ 27. Kf3 Be7 28. Ng3 Bc8 29. e6+ f6 30. g5 Bxe6 31. Ne4 Kf7 32. gxf6 Rh3+ 33. Kg2 Bg4 34. Ng5+ Ke8 35. fxe7 Re3 36. Rd2 Kxe7 37. Be5 c6 38. Bd6+ Ke8 39. Bc7 Bf5 40. Kf2 Rc3 41. Be5 Rc1 42. Nh7 Ke7 43. Ng5 Rh1 44. Nf3 Bg4 45. Bd6+ Ke6 46. Bb8 Bf5 47. Bxa7 b5 48. cxb5 cxb5 49. Bxc5 Bg4 50. Ng5+ Kf5 51. Kg2 Rb1 52. Be3 Re1 53. Bf2 Re8 54. Rd5+ Kxf4 55. Bg3+ Ke3 56. Rxb5 Bf5 57. a4 Bd3 58. Re5+ Rxe5 59. Bxe5 Bc2 60. a5 Bxb3 61. a6 Bd5+ 62. Kg3 Kd3 63. Kf4 Kc4 64. Ne4 Kb5 65. Nc3+ Kxa6 66. Nxd5 Kb7 67. Kg5 Kc6 68. Nf4 Kd7 69. Kxg6 Ke7 70. Kf5 Kd7 71. Ne6 Kc6 72. Ke4 Kd7 73. Kd5 Ke7 74. Nf4 Kd7 75. Bd6 Ke8 76. Ke6 Kd8 77. Nd5 Kc8 78. Ne7+ Kb7 79. Kd7 Kb6 80. Nd5+ Kb5 81. Kc7 Kc4 82. Kc6 Kd4 83. Nf6 Kc4 84. Nd7 Kd4 85. Bc5+ Kc4 86. Kd6 Kc3 87. Ne5 Kb3 88. Kd5 Kc2 89. Kd4 Kd2 90. Nd3 Ke2 91. Bb4 Kf3 92. Ne5+ Kf4 93. Bd2+ Kf5 94. Kd5 Kf6 95. Kd6 Kf5 96. Kd5 Kf6 97. Bc3 Kf5 98. Nd3 Kg4 99. Ke4 Kg5 100. Be5 Kg6 101. Nf4+ Kg5 1/2-1/2


[Site "https://www.chess.com"]

[Event "Titled Tuesday Blitz November 22 Early 2022"]
[White "Nanditha, V"]
[Black "Szyszylo, Rafal"]
[WhiteFideId "46626697"]
[BlackFideId "1109626"]
[WhiteElo "1564"]
[BlackElo "1981"]
[Result "0-1"]
[Round "08"]
[TimeControl "180+1"]
[Date "2022.11.23"]
[WhiteClock "0:00:05"]
[BlackClock "0:00:31"]

1. e4 d6 2. d4 g6 3. Nf3 Nf6 4. Bd3 Bg7 5. O-O Nc6 6. c3 O-O 7. Bg5 h6 8. Bh4 e5 9. d5 Ne7 10. c4 Nh5 11. Bg3 Nf4 12. Nc3 Nxd3 13. Qxd3 f5 14. h3 f4 15. Bh2 g5 16. g4 fxg3 17. fxg3 Bxh3 18. Rf2 Qd7 19. Nd1 Rf7 20. Rc1 Raf8 21. Rcc2 b6 22. Ne1 Bg4 23. Rxf7 Rxf7 24. Rf2 Qe8 25. Rxf7 Qxf7 26. Nf2 Bd7 27. g4 Ng6 28. Ng2 Nf4 29. Bxf4 exf4 30. Ne1 Bxb2 31. Nf3 Qf6 32. e5 Bxe5 33. Ne4 Qg6 34. Nh2 Kg7 35. Qe2 Bd4+ 36. Kg2 Be3 37. Kf3 h5 38. Nf2 Kf7 39. Nf1 Bxf2 40. Kxf2 Bxg4 41. Qb2 Qf6 42. Qd2 Qe5 43. Qc2 Bf5 44. Qa4 Qd4+ 45. Kg2 a5 46. Qc6 Qc5 47. Qb7 Be4+ 48. Kh2 Qxc4 49. Qb8 Qe2+ 50. Kh3 Qg2# 0-1


[Site "https://www.chess.com"]

[Event "Titled Tuesday Blitz November 22 Early 2022"]
[White "Narayanan, Srinath"]
[Black "Mohammed, Zozek Salah Mohammed"]
[WhiteFideId "5018420"]
[BlackFideId "4803361"]
[WhiteElo "2459"]
[BlackElo "2199"]
[Result "1-0"]
[Round "08"]
[TimeControl "180+1"]
[Date "2022.11.23"]
[WhiteClock "0:02:00"]
[BlackClock "0:00:27"]

1. d4 d5 2. Bf4 c5 3. e3 Nc6 4. Nf3 Qb6 5. Nbd2 e6 6. dxc5 Bxc5 7. c4 Nf6 8. Qb3 Qxb3 9. Nxb3 Bb4+ 10. Nfd2 e5 11. Bg3 Be6 12. cxd5 Nxd5 13. a3 Be7 14. Rc1 O-O 15. Bb5 Rac8 16. Bxc6 bxc6 17. Bxe5 c5 18. Na5 Nb6 19. O-O Rfd8 20. Ndc4 f6 21. Bf4 g5 22. Bg3 Kf7 23. Rfe1 h5 24. h3 Rd3 25. h4 Nxc4 26. Nxc4 gxh4 27. Bxh4 Bxc4 28. Rxc4 Rb8 29. Rc2 Rdb3 30. Ree2 Bd6 31. f4 Rd3 32. Bf2 a5 33. Red2 Rxd2 34. Rxd2 Ke6 35. f5+ Ke7 36. Rxd6 Kxd6 37. Bg3+ 1-0


[Site "https://www.chess.com"]

[Event "Titled Tuesday Blitz November 22 Early 2022"]
[White "Nguyen Hong Nhung"]
[Black "Le Goff, Damien"]
[WhiteFideId "12412201"]
[BlackFideId "634808"]
[WhiteElo "1904"]
[BlackElo "2407"]
[Result "1/2-1/2"]
[Round "08"]
[TimeControl "180+1"]
[Date "2022.11.23"]
[WhiteClock "0:00:44"]
[BlackClock "0:01:30"]

1. e4 c5 2. Nc3 d6 3. f4 g6 4. Nf3 Bg7 5. Bc4 Nc6 6. O-O e6 7. d3 Nge7 8. Qe1 h6 9. Qh4 d5 10. exd5 exd5 11. Bxd5 O-O 12. Bb3 Nd4 13. Nxd4 Qxd4+ 14. Kh1 Nf5 15. Qf2 Qd6 16. Bd2 Bd4 17. Qf3 Bd7 18. Bd5 Nh4 19. Qg3 Nf5 20. Qf3 Nh4 21. Qg3 Nf5 22. Qf3 1/2-1/2


[Site "https://www.chess.com"]

[Event "Titled Tuesday Blitz November 22 Early 2022"]
[White "Nugumanov, Bakhtiyar"]
[Black "Fiol, Fabrice"]
[WhiteFideId "13701797"]
[BlackFideId "611670"]
[WhiteElo "2287"]
[BlackElo "2452"]
[Result "0-1"]
[Round "08"]
[TimeControl "180+1"]
[Date "2022.11.23"]
[WhiteClock "0:00:01"]
[BlackClock "0:00:09"]

1. Nf3 d5 2. g3 g6 3. Bg2 Bg7 4. c4 e6 5. d4 Ne7 6. O-O O-O 7. b3 b6 8. Bb2 Bb7 9. Nc3 Nd7 10. Rc1 a6 11. e3 c5 12. Qe2 Rc8 13. Rfd1 Re8 14. Rd2 cxd4 15. exd4 dxc4 16. bxc4 Qc7 17. Ne4 Rcd8 18. h3 Nf6 19. Ne5 Nxe4 20. Bxe4 Bxe4 21. Nxf7 Kxf7 22. Qxe4 Nf5 23. Kh2 Kg8 24. c5 b5 25. Rcd1 Rd5 26. f4 h5 27. g4 hxg4 28. hxg4 Nh6 29. Kg3 g5 30. Rf1 gxf4+ 31. Qxf4 Qxf4+ 32. Rxf4 Nf7 33. Rdf2 Re7 34. c6 Rc7 35. Rc2 Bf8 36. g5 Bd6 37. Kf3 Bxf4 38. Kxf4 Rxg5 39. Ba3 Rd5 40. Bc5 e5+ 41. Ke4 Rxc5 42. Rxc5 exd4 43. Kd5 Nd8 44. Kd6 Rxc6+ 45. Rxc6 Nxc6 0-1


[Site "https://www.chess.com"]

[Event "Titled Tuesday Blitz November 22 Early 2022"]
[White "Odegov, Artem"]
[Black "Sadhwani, Raunak"]
[WhiteFideId "34183644"]
[BlackFideId "35093487"]
[WhiteElo "2298"]
[BlackElo "2656"]
[Result "1-0"]
[Round "08"]
[TimeControl "180+1"]
[Date "2022.11.23"]
[WhiteClock "0:00:04"]
[BlackClock "0:00:06"]

1. d4 Nf6 2. c4 g6 3. Nc3 Bg7 4. e4 d6 5. h3 O-O 6. Be3 b6 7. Bd3 Bb7 8. Nge2 Nbd7 9. f3 c5 10. d5 Ne5 11. O-O a6 12. a4 Nfd7 13. f4 Nxd3 14. Qxd3 Qc7 15. Rae1 Rad8 16. Bf2 e6 17. b3 exd5 18. Nxd5 Bxd5 19. Qxd5 Rfe8 20. Ng3 Nf6 21. Qd3 Re6 22. Re2 Rde8 23. Rfe1 Qc6 24. f5 R6e7 25. Rd1 Qb7 26. Rde1 Qc6 27. Rd1 Rd7 28. Be1 h5 29. fxg6 fxg6 30. Qf3 Rf7 31. Qd3 Re6 32. Bc3 h4 33. Bxf6 Bxf6 34. Nf1 Bd4+ 35. Kh1 Ref6 36. Nd2 Qd7 37. Ree1 g5 38. Rf1 g4 39. Rxf6 Rxf6 40. Rf1 Rg6 41. e5 Qg7 42. exd6 Rxd6 43. Qf5 g3 44. Ne4 Rg6 45. Qd5+ Kh8 46. Qd8+ Kh7 47. Qxh4+ Qh6 48. Rf7+ Kg8 49. Qxh6 Rxh6 50. Rf3 Re6 51. Rxg3+ Kh8 52. Rg4 Re5 53. g3 Re7 54. Kg2 Rd7 55. Rf4 Be5 56. Rf2 Rd3 57. Rf3 Rd4 58. Re3 Kg7 59. Kf3 Rd1 60. Nf2 1-0


[Site "https://www.chess.com"]

[Event "Titled Tuesday Blitz November 22 Early 2022"]
[White "Omariev, Maksim"]
[Black "Spalir, Monika"]
[WhiteFideId "4193423"]
[BlackFideId "14609118"]
[WhiteElo "2427"]
[BlackElo "2032"]
[Result "0-1"]
[Round "08"]
[TimeControl "180+1"]
[Date "2022.11.23"]
[WhiteClock "0:00:03"]
[BlackClock "0:00:38"]

1. c3 Nf6 2. f3 e6 3. Qa4 Be7 4. Qh4 O-O 5. Kd1 d5 6. Qe1 c5 7. g4 d4 8. h4 Nc6 9. h5 h6 10. Nh3 Nh7 11. Kc2 b5 12. e4 c4 13. d3 dxc3 14. bxc3 b4 15. Be3 bxc3 16. a3 Rb8 17. Nxc3 cxd3+ 18. Bxd3 Ne5 19. Be2 Bd7 20. Qd1 Qc7 21. Qd4 Rfc8 22. Rhc1 Ba4+ 23. Kd2 Rd8 24. Nxa4 Rxd4+ 25. Bxd4 Qa5+ 26. Nc3 Rd8 27. Ke3 Rxd4 28. Nb5 Qd2+ 29. Kf2 Bh4+ 30. Kf1 Rd8 31. Rd1 Qe3 32. Rxd8+ Bxd8 33. Rd1 Bb6 34. Nd6 Ng5 35. Nc4 Nxc4 36. Ke1 Nxh3 37. Rd8+ Kh7 38. f4 Qg1+ 39. Bf1 Qf2+ 40. Kd1 Ne3+ 41. Kc1 Qc2# 0-1


[Site "https://www.chess.com"]

[Event "Titled Tuesday Blitz November 22 Early 2022"]
[White "Oparin, Grigoriy"]
[Black "Munkhgal, Gombosuren"]
[WhiteFideId "24125890"]
[BlackFideId "4901266"]
[WhiteElo "2639"]
[BlackElo "2576"]
[Result "1/2-1/2"]
[Round "08"]
[TimeControl "180+1"]
[Date "2022.11.22"]
[WhiteClock "0:00:22"]
[BlackClock "0:00:05"]

1. c4 Nf6 2. Nc3 g6 3. e4 d6 4. d4 Bg7 5. Be2 O-O 6. h4 h5 7. Bg5 Nc6 8. Nf3 Bg4 9. d5 Bxf3 10. gxf3 Ne5 11. f4 Ned7 12. f5 c5 13. fxg6 fxg6 14. f4 Qa5 15. Qd2 Kh7 16. O-O-O a6 17. Qc2 b5 18. cxb5 axb5 19. Bxb5 Rfb8 20. e5 Rxb5 21. Nxb5 Qxb5 22. Bxf6 exf6 23. e6 Nb6 24. f5 Bh6+ 25. Kb1 Nc4 26. fxg6+ Kg7 27. Rh3 Na3+ 28. Rxa3 Rxa3 29. Re1 Qa5 30. bxa3 Qxe1+ 31. Kb2 Qe5+ 32. Kb3 Qxd5+ 33. Qc4 Qxc4+ 34. Kxc4 Kxg6 35. a4 Bd2 36. Kd5 c4 37. Kxc4 f5 38. Kd5 Kf6 39. Kxd6 Bb4+ 40. Kd7 f4 41. a5 f3 42. a6 f2 43. a7 f1=Q 44. a8=Q Qb5+ 45. Qc6 Qxc6+ 46. Kxc6 Kxe6 47. Kb5 Be1 48. Kc4 Kf5 49. Kd3 Kg4 50. Ke2 Ba5 51. Kf1 Kxh4 52. Kg1 Kg3 53. Kh1 h4 54. a4 h3 55. Kg1 h2+ 56. Kh1 Kh3 1/2-1/2


[Site "https://www.chess.com"]

[Event "Titled Tuesday Blitz November 22 Early 2022"]
[White "Ostrovskiy, Aleksandr"]
[Black "Chernov, Mikhail"]
[WhiteFideId "2034239"]
[BlackFideId "24143170"]
[WhiteElo "2340"]
[BlackElo "2113"]
[Result "1-0"]
[Round "08"]
[TimeControl "180+1"]
[Date "2022.11.23"]
[WhiteClock "0:00:07"]
[BlackClock "0:00:04"]

1. e4 c5 2. Nc3 Nc6 3. Bb5 Nd4 4. Nf3 Nxb5 5. Nxb5 a6 6. Nc3 b5 7. d4 cxd4 8. Qxd4 Bb7 9. Bg5 d6 10. O-O-O Nf6 11. e5 dxe5 12. Qxe5 Qb8 13. Qe2 e6 14. Ne5 Be7 15. Kb1 Qc7 16. Nxb5 axb5 17. Qxb5+ Kf8 18. Nd7+ Kg8 19. Nxf6+ Bxf6 20. Bxf6 gxf6 21. Rd3 Bd5 22. b3 Kf8 23. Qb4+ Qe7 24. Qd4 Qa7 25. Qb4+ Ke8 26. a4 Rb8 27. Qf4 Ke7 28. Rxd5 exd5 29. Re1+ Kd7 30. Qxf6 Rhe8 31. Qxf7+ Kc6 32. Qxa7 Rxe1+ 33. Kb2 Ree8 34. Qa6+ Kc5 35. Qd3 d4 36. Qxh7 Rbd8 37. Qd3 Re7 38. Qb5+ Kd6 39. a5 Re5 40. Qb6+ Kd7 41. a6 Re6 42. Qb7+ Ke8 43. a7 Re7 44. a8=Q Rxb7 45. Qxb7 1-0


[Site "https://www.chess.com"]

[Event "Titled Tuesday Blitz November 22 Early 2022"]
[White "Ozen, Bahadir"]
[Black "Hristodoulou, Panagiotis"]
[WhiteFideId "6337058"]
[BlackFideId "4214340"]
[WhiteElo "2503"]
[BlackElo "2272"]
[Result "1-0"]
[Round "08"]
[TimeControl "180+1"]
[Date "2022.11.22"]
[WhiteClock "0:00:37"]
[BlackClock "0:00:02"]

1. g3 d5 2. Nf3 Nf6 3. Bg2 c6 4. O-O Bg4 5. h3 Bxf3 6. Bxf3 Nbd7 7. d3 e5 8. e4 dxe4 9. dxe4 Bc5 10. Qe2 O-O 11. Nd2 Re8 12. Nb3 Bf8 13. Be3 Qc7 14. a4 a5 15. Rfd1 Be7 16. c3 Nf8 17. Qc4 Ne6 18. Bg2 Red8 19. Qe2 Nd7 20. h4 Ndc5 21. Nxc5 Bxc5 22. Bd2 Rd6 23. Be1 Rad8 24. Bh3 Rxd1 25. Rxd1 Rxd1 26. Qxd1 Ba7 27. Bxe6 fxe6 28. Kg2 Bc5 29. Qh5 g6 30. Qg4 Qd7 31. h5 Kg7 32. Qe2 b5 33. Bd2 Bb6 34. h6+ Kg8 35. Bg5 Bd8 36. Bxd8 Qxd8 37. axb5 1-0


[Site "https://www.chess.com"]